Map: Lockdown LE

Players

Kryptonite - Winner!

  • Race: Zerg Zerg
  • League: Diamond

Altik

  • Race: Protoss Protoss
  • League: Diamond

VOD

Have the link to the VOD?

Description

Time

  • Played on: Aug. 4, 2026, 4:30 p.m.
  • Length: 14:46
Show
View Real Time Build Order
Export as new Build Order

Kryptonite Zerg - Winner!

Build Orders: Pool First, Lurkers 

Get SALT Encoding   

  8  0:00  Drone  
  9  0:11  Drone  
  10  0:16  Drone  
  11  0:27  Overlord  
  11  0:35  Drone  
  12  0:47  Drone x2  
  14  0:53  Drone  
  15  1:01  Drone  
  16  1:13  Drone  
  16  1:14  Spawning Pool  
  16  1:35  Hatchery  
  15  1:40  Drone  
  15  1:46  Drone  
  17  1:51  Drone  
  18  1:54  Overlord  
  18  2:04  Queen  
  20  2:14  Drone x2  
  22  2:21  Drone  
  23  2:33  Hatchery  
  23  2:37  Drone  
  23  2:44  Drone  
  24  2:49  Queen  
  26  2:52  Drone  
  26  2:55  Drone  
  28  3:01  Zergling x2  
  28  3:02  Zergling x2  
  30  3:08  Zergling x2  
  31  3:13  Drone  
  31  3:16  Overlord  
  32  3:26  Overlord  
  32  3:33  Queen  
  34  3:37  Drone x6  
  40  3:47  Drone  
  40  3:48  Drone x2  
  43  3:52  Queen  
  44  4:16  Drone x7  
  47  4:24  Overlord  
  47  4:25  Drone x3  
  46  4:34  Drone x5  
  51  4:41  Overlord x2  
  51  4:44  Extractor  
  51  4:45  Roach Warren  
  49  4:46  Extractor  
  49  4:52  Overlord  
  48  4:53  Overlord  
  48  4:54  Drone x5  
  53  5:10  Overlord  
  53  5:12  Drone x6  
  59  5:22  Extractor, Evolution Chamber  
  59  5:23  Drone, Evolution Chamber  
  59  5:28  Overlord x2  
  57  5:29  Roach  
  57  5:30  Roach  
  61  5:39  Drone x2  
  61  5:40  Drone x2, Extractor  
  64  5:43  Drone x2  
  64  5:44  Drone, Overlord  
  71  5:50  Roach x4  
  71  5:55  Zergling x2  
  76  5:58  Drone x4  
  76  5:59  Drone x2  
  76  6:03  Lair  
  82  6:12  Zerg Ground Armor Level 1  
  82  6:21  Roach x2  
  82  6:22  Roach x2  
  90  6:27  Overlord x2  
  90  6:28  Hatchery  
  90  6:31  Roach  
  90  6:32  Roach x4  
  99  6:34  Overlord x2  
  99  6:37  Spore Crawler  
  99  6:39  Spore Crawler x2  
  94  6:45  Queen x2  
  96  6:53  Roach x4  
  100  7:00  Spore Crawler  
  97  7:07  Drone x8  
  93  7:18  Drone  
  86  7:25  Hydralisk Den  
  86  7:28  Queen x2  
  71  7:38  Extractor  
  71  7:39  Extractor  
  65  7:44  Roach  
  65  7:45  Roach x7  
  81  8:00  Hydralisk  
  81  8:01  Hydralisk x6  
  81  8:04  Grooved Spines  
  95  8:07  Zerg Missile Weapons Level 1  
  95  8:11  Queen  
  97  8:16  Drone x8  
  105  8:28  Hydralisk x4  
  108  8:43  Hydralisk x4  
  108  8:44  Roach  
  108  8:45  Roach x3  
  120  8:53  Roach x4  
  118  8:58  Hydralisk  
  114  9:05  Hatchery  
  114  9:08  Glial Reconstitution  
  113  9:12  Hydralisk  
  113  9:15  Overlord  
  113  9:16  Drone x4  
  119  9:17  Overlord  
  119  9:23  Hydralisk x2  
  123  9:32  Drone  
  123  9:33  Drone x2  
  126  9:39  Hydralisk x5  
  126  9:41  Overlord  
  135  9:56  Zerg Ground Armor Level 2, Hydralisk  
  135  9:57  Hydralisk  
  135  9:59  Overlord x2  
  125  10:07  Roach x2  
  125  10:08  Roach x2  
  125  10:13  Drone x2  
  135  10:15  Extractor  
  135  10:17  Extractor  
  135  10:19  Overlord  
  135  10:20  Hydralisk x2  
  137  10:25  Lurker Den  
  136  10:30  Infestation Pit  
  136  10:31  Drone  
  136  10:36  Drone x3  
  136  10:37  Hatchery, Drone x3  
  136  10:38  Drone  
  136  10:40  Drone x3  
  145  10:43  Spore Crawler  
  145  10:46  Drone, Spine Crawler  
  145  10:49  Muscular Augments  
  144  10:50  Zerg Missile Weapons Level 2  
  144  10:52  Hatchery  
  144  10:55  Zergling x2  
  144  11:03  Queen  
  137  11:13  Roach  
  137  11:14  Roach x13  
  147  11:29  Roach x4  
  151  11:40  Drone x9  
  151  11:42  Hive  
  151  11:45  Lurker x4  
  151  11:46  Lurker  
  165  11:48  Roach  
  165  11:49  Roach  
  165  11:51  Drone x4  
  173  12:03  Roach x5  
  183  12:10  Overseer x2  
  183  12:19  Hydralisk x2  
  183  12:20  Hydralisk x3  
  193  12:31  Spore Crawler  
  192  12:41  Lurker x3  
  195  13:01  Seismic Spines  
  187  13:09  Overseer  
  187  13:13  Hydralisk x3  
  187  13:14  Roach x2  
  187  13:15  Roach  
  197  13:40  Roach x6  
  197  13:41  Roach x2  
  200  13:44  Hydralisk  
  200  13:45  Hydralisk x2  
  194  13:48  Queen  
  196  14:02  Roach  
  190  14:03  Roach x7, Zergling x2  
  190  14:04  Zergling x6  
  190  14:05  Zergling x4  
  190  14:06  Overlord x2  
  194  14:12  Hydralisk  
  194  14:13  Hydralisk x3  
  196  14:26  Unknown  
  196  14:30  Hatchery  
  199  14:33  Hatchery  
Show
View Real Time Build Order
Export as new Build Order

Altik Protoss 

Build Orders:  

Get SALT Encoding   

  8  0:00  Probe (Chrono Boost)  
  9  0:12  Probe (Chrono Boost)  
  10  0:19  Probe (Chrono Boost)  
  11  0:27  Probe  
  12  0:34  Pylon  
  12  0:39  Probe  
  13  0:52  Probe  
  14  0:58  Gateway  
  14  1:04  Probe (Chrono Boost)  
  14  1:10  Assimilator  
  15  1:16  Probe (Chrono Boost)  
  16  1:21  Probe (Chrono Boost)  
  17  1:30  Probe  
  18  1:42  Probe  
  19  1:53  Nexus  
  19  2:07  Cybernetics Core  
  19  2:15  Probe  
  20  2:19  Pylon  
  20  2:24  Gateway  
  20  2:28  Probe  
  21  2:36  Zealot (Chrono Boost)  
  21  2:42  Warp Gate  
  23  2:48  Probe  
  26  3:01  Probe  
  26  3:02  Adept (Chrono Boost)  
  26  3:04  Assimilator  
  27  3:08  Adept (Chrono Boost)  
  29  3:13  Probe  
  29  3:16  Probe  
  31  3:25  Probe  
  32  3:28  Probe  
  32  3:31  Pylon  
  33  3:37  Probe  
  33  3:40  Probe  
  35  3:49  Probe  
  35  3:50  Pylon  
  35  3:51  Stargate  
  35  3:52  Probe  
  37  3:56  Stalker  
  37  4:01  Probe  
  40  4:04  Probe  
  41  4:13  Probe  
  41  4:16  Probe  
  43  4:34  Probe x2, Oracle (Chrono Boost)  
  43  4:36  Stalker  
  46  4:41  Zealot  
  48  4:46  Twilight Council, Probe x2  
  48  4:50  Zealot  
  48  4:52  Assimilator  
  52  4:55  Forge  
  52  4:58  Pylon, Probe x2  
  54  5:01  Pylon  
  54  5:10  Probe  
  54  5:11  Probe  
  56  5:16  Oracle (Chrono Boost)  
  59  5:28  Charge  
  59  5:31  Pylon  
  59  5:35  Pylon  
  59  5:41  Gateway  
  59  5:43  Gateway  
  59  5:46  Zealot x2  
  63  5:51  Oracle (Chrono Boost)  
  66  6:02  Nexus, Protoss Ground Weapons Level 1 (Chrono Boost)  
  66  6:07  Zealot x2  
  66  6:08  Probe x2  
  72  6:15  Pylon  
  72  6:16  Pylon  
  72  6:18  Pylon  
  72  6:20  Probe x2  
  72  6:22  Pylon  
  72  6:24  Oracle  
  77  6:29  Zealot  
  77  6:32  Probe  
  80  6:46  Zealot x4  
  85  6:59  Zealot  
  85  7:00  Zealot  
  89  7:08  Zealot x2  
  89  7:12  Shield Battery  
  89  7:15  Shield Battery  
  83  7:18  Photon Cannon  
  83  7:19  Photon Cannon  
  77  7:23  Zealot x3  
  77  7:24  Stalker  
  83  7:34  Probe x2  
  83  7:36  Stalker  
  83  7:46  Probe (Chrono Boost)  
  83  7:48  Probe (Chrono Boost)  
  88  7:51  Zealot x4  
  88  7:53  Probe (Chrono Boost)  
  88  7:57  Probe (Chrono Boost)  
  88  7:58  Probe (Chrono Boost)  
  96  8:02  Gateway x2  
  96  8:03  Probe x3 (Chrono Boost)  
  96  8:05  Templar Archives  
  99  8:13  Probe x3  
  99  8:16  Zealot  
  99  8:17  Zealot x2  
  108  8:22  Pylon  
  108  8:24  Protoss Ground Armor Level 1 (Chrono Boost), Pylon  
  108  8:25  Probe  
  109  8:34  Probe x2  
  101  8:52  Zealot x4  
  101  9:02  High Templar x2 (Chrono Boost)  
  93  9:03  Probe x2  
  93  9:07  Zealot (Chrono Boost), Gateway  
  93  9:08  Gateway  
  97  9:10  Forge, Probe  
  97  9:15  High Templar (Chrono Boost), Zealot (Chrono Boost), Probe  
  105  9:20  Oracle  
  105  9:21  High Templar (Chrono Boost)  
  105  9:22  Zealot x2 (Chrono Boost)  
  105  9:23  Assimilator  
  114  9:24  Zealot (Chrono Boost)  
  114  9:26  Assimilator  
  114  9:27  Probe x2  
  116  9:40  High Templar x2  
  116  9:41  Zealot x3  
  116  9:42  Zealot  
  116  9:43  Nexus  
  116  9:44  Pylon  
  128  9:52  Archon  
  128  9:54  Protoss Ground Weapons Level 2 (Chrono Boost)  
  128  9:55  Archon  
  128  9:58  Oracle  
  131  10:12  High Templar  
  131  10:14  Zealot x5  
  137  10:15  Zealot x2  
  137  10:16  Probe  
  148  10:29  Protoss Ground Armor Level 2 (Chrono Boost)  
  148  10:30  Zealot x4  
  148  10:31  Zealot  
  158  10:39  Photon Cannon x2  
  158  10:41  Shield Battery  
  158  10:43  Pylon, Assimilator  
  158  10:45  Pylon  
  158  10:46  Archon  
  158  10:47  Assimilator  
  158  10:48  Probe  
  159  10:52  Gateway x2  
  159  10:54  Zealot, Probe x2  
  159  10:56  Assimilator  
  159  11:13  Probe x3  
  140  11:24  Psionic Storm  
  128  11:29  Zealot x6  
  128  11:30  Zealot x2  
  124  11:34  Robotics Facility x2  
  124  11:41  Oracle  
  124  11:42  Probe x2, Zealot, High Templar x2  
  124  11:43  Zealot x5  
  145  11:56  Zealot x2  
  145  11:58  Zealot x2  
  145  11:59  High Templar x2  
  157  12:11  Zealot x3  
  157  12:12  Zealot  
  165  12:22  Zealot x4  
  173  12:33  Zealot x5  
  173  12:34  Zealot  
  185  12:38  Pylon  
  185  12:39  Pylon  
  185  12:40  Robotics Bay  
  185  12:41  High Templar  
  187  12:56  High Templar, Zealot  
  102  13:43  Zealot x6  
  102  13:44  Zealot x4  
  102  13:45  Colossus x2  
  129  13:56  Zealot  
Tags
 
Composition
Lurkers
Matchup
PvZ
Opening
Pool First
Add a new tag
Caveats
  • Supply blocks, unpowered buildings, or Contaminate may cause inaccurate times.
  • Supply counts are checked every 10 seconds.